 Dungeon Crawl Stone Soup version 0.26.1-11-gd32895ea62 (webtiles) character file.

Game seed: 8228088923060721233

7691 infcreate the Blocker (level 11, -12/71 HPs)
             Began as a Gargoyle Fighter on May 17, 2021.
             Was a High Priest of Okawaru.
             Mangled by a fire crab (15 damage)
             ... on level 9 of the Dungeon.
             The game lasted 00:21:29 (9327 turns).

infcreate the Blocker (Gargoyle Fighter)            Turns: 9327, Time: 00:21:29

Health: -12/71     AC: 35    Str: 21    XL:     11   Next: 19%
Magic:  10/16      EV: 10    Int: 10    God:    Okawaru [*****.]
Gold:   472        SH: 15    Dex: 10    Spells: 10/10 levels left

rFire    . . .     SeeInvis .   a - +2 flail (flame)
rCold    + + .     Faith    .   c - +2 kite shield
rNeg     + . .     Spirit   .   s - +9 chain mail of Mumblety Peg {rC++}
rPois    ∞         Reflect  .   j - +1 helmet
rElec    +         Harm     .   b - scarf {shadows}
rCorr    .         Rampage  .   (no gloves)
Will     .....                  v - +1 pair of boots
Stlth    ..........             (no amulet)
HPRegen  0.21/turn              (no ring)
MPRegen  0.15/turn              (no ring)

@: heroism, finesse
A: negative energy resistance 1, electricity resistance, unbreathing,
petrification resistance, miasma immunity, AC +8
a: Renounce Religion, Heroism, Finesse


You were on level 9 of the Dungeon.
You worshipped Okawaru.
Okawaru was extremely pleased with you.
You visited 2 branches of the dungeon, and saw 11 of its levels.

You collected 472 gold pieces.


Innate Abilities, Weirdness & Mutations

You are resistant to torment.
Your stone body is resilient. (AC +8)
You are immune to poison.
You resist negative energy. (rN+)
You are resistant to electric shocks. (rElec)
You can survive without breathing.
You are immune to petrification.
You are immune to miasma.


   Skills:
 + Level 9.2(14.2) Fighting
 + Level 8.1(13.1) Maces & Flails
 + Level 9.2(14.2) Armour
 + Level 9.2(14.2) Shields
 + Level 7.2 Invocations


You had 10 spell levels left.
You didn't know any spells.
Your spell library contained the following spells:

 Spells                   Type           Power        Failure   Level
 Animate Skeleton         Necr           0%           91%         1
 Pain                     Necr           0%           91%         1
 Summon Small Mammal      Summ           0%           91%         1
 Call Imp                 Summ           0%           97%         2
 Call Canine Familiar     Summ           0%           100%        3
 Summon Guardian Golem    Hex/Summ       0%           100%        3
 Vampiric Draining        Necr           0%           100%        3
 Animate Dead             Necr           0%           100%        4
 Summon Ice Beast         Ice/Summ       0%           100%        4
 Summon Lightning Spire   Summ/Air       0%           100%        4
 Agony                    Necr           0%           100%        5

Inventory:

Hand Weapons
 a - a +2 flail of flaming (weapon)
Missiles
 x - 3 throwing nets (quivered) {=f}
Armour
 b - a scarf of shadows (worn)
 c - a +2 kite shield (worn)
 j - a +1 helmet (worn)
 s - the +9 chain mail of Mumblety Peg (worn) {rC++}
   (You took it off an orc on level 5 of the Dungeon)

   It greatly protects you from cold.
 v - a +1 pair of boots (worn)
Wands
 y - a wand of acid (4)
Scrolls
 e - 2 scrolls of amnesia
 g - 5 scrolls of teleportation {@r4}
 h - 6 scrolls of remove curse {@r2}
 i - 2 scrolls of identify {@r1}
 n - 3 scrolls of magic mapping
 p - a scroll of immolation
Potions
 d - 2 potions of might
 f - 5 potions of curing {@q1}
 k - 2 potions of berserk rage {!q}
 l - a potion of haste {unknown}
 m - 2 potions of mutation
 o - a potion of ambrosia {unknown}
 q - 2 potions of attraction
 r - 2 potions of lignification
 t - 4 potions of heal wounds {@q2}
 u - a potion of brilliance {unknown}
 w - a potion of degeneration {unknown}

Dungeon Overview and Level Annotations

Branches:
Dungeon (10/15)            Temple (1/1) D:4
   Lair: D:8-11         Orc: D:9-12

Altars:
Ashenzari
Cheibriados
Dithmenos
Elyvilon
Fedhas
Gozag
Hepliaklqana
Kikubaaqudgha
Makhleb
Okawaru
Qazlal
Ru
Sif Muna
Trog
Uskayaw
Vehumet
Wu Jian
Xom
Yredelemnul
Zin
The Shining One

...#.#.######.######.####.######.
.#.#.#.........................#.
##...#▓▓▓▓▓▓#.............####.##
##...▓)...▓▓▓▓#####.###### #.
#..('(......▓▓▓ #.# #.
####>#▓.........▓ #.# #. .#
###▓▓▓▓▓▓▓▓°▓▓▓▓#.. #. .#
▓..°▓°▓#.# #. .# ▓▓.°@°▓▓.. #. .#
▓▓°▓t.▓ #. .# ▓ ▓▓▓..▓ #. .# ▓.
▓†.▓▓ #. .# ▓.Z ▓...▓ #. .#
▓.t.▓...▓ #. .# ▓..Zt...▓ #. .#
▓...▓...▓ #.
.#####▓▓▓▓▓▓▓▓▓▓▓▓▓▓▓### #.


You could see a fire crab.


Message History

You closely miss the fire crab.
The fire crab is moderately wounded.
The fire crab breathes flames at you.
The blast of flame engulfs you but does no damage.
You sock the fire crab!
The fire crab is heavily wounded.
You are engulfed in blazing flames.
You hit the fire crab but do no damage.
The fire crab is heavily wounded.
You are engulfed in blazing flames.
You barely miss the fire crab.
The fire crab is heavily wounded.
You are engulfed in blazing flames.
The fire crab bites you but does no damage.
The fire crab claws you but does no damage.
Your chain mail of Mumblety Peg prevents you from hitting the fire crab.
The fire crab is heavily wounded.
You are engulfed in blazing flames.
You hit the fire crab but do no damage.
The fire crab is heavily wounded.
You are engulfed in blazing flames.
* * * LOW HITPOINT WARNING * * *
The fire crab bites you!
* * * LOW HITPOINT WARNING * * *
You are engulfed in flames!
* * * LOW HITPOINT WARNING * * *
The fire crab claws you!
* * * LOW HITPOINT WARNING * * *
You are engulfed in flames!
You die...

Skill      XL: |  1  2  3  4  5  6  7  8  9 10 11 |
---------------+----------------------------------+-----
Armour         | 4 5 6 8 9 |  9.2
Fighting       | 4 5 6 8 9 |  9.2
Shields        | 4 5 6 8 9 |  9.2
Maces & Flails | 3 4 5 7 8 |  8.1
Invocations    | 1 3 5 6 7 |  7.2

Action                   |  1- 3 |  4- 6 |  7- 9 | 10-12 || total
-------------------------+-------+-------+-------+-------++-------
Melee: Flail             |   150 |   187 |   405 |   302 ||  1044
Invok: Heroism           |       |       |     9 |     5 ||    14
       Finesse           |       |       |       |     2 ||     2
  Use: Scroll            |     7 |     3 |     5 |     9 ||    24
       Potion            |       |       |       |     1 ||     1
Armor: Scale mail        |    78 |    89 |       |       ||   167
       Chain mail        |       |    14 |   196 |   158 ||   368
Dodge: Dodged            |    40 |    62 |    65 |    58 ||   225
Block: Kite shield       |    56 |    76 |   231 |   152 ||   515

Levels and vault maps discovered:
D:1:      dpeg_arrival_pits, layout_basic
D:2:      layout_basic
D:3:      layout_loops_ring, nicolae_overflow_crystal_walls,
          general_overflow_altar, chequers_ecumenical_altar_grove,
          xom_redecorated
D:4:      layout_loops_ring, temple_hall
D:5:      layout_loops_ring, serial_glass, glass_columns_b, glass_columns_a,
          glass_columns_a, glass_columns_b, glass_columns_a, glass_columns_b,
          glass_columns_a, glass_columns_c, glass_columns_b, glass_columns_c,
          minmay_misc_feat_more_columns
D:6:      layout_rooms, zaba_anthole, hangedman_decor_growths
D:7:      layout_layer_cave, nicolae_overflow_hidden_temple, vehumet_crystals,
          minivault_26, uniq_menkaure, uniq_harold, uniq_pikel
D:8:      layout_loops_ring, marbit_many_paths, uniq_maurice
D:9:      minmay_sliced_demisemicircle, layout_basic,
          riverfiend_overflow_shadow_ancestor, hiddenorc1_lemuel
D:10:     layout_irregular_city, dpeg_oklobed_lair,
          nicolae_trove_entry_free_sample
Temple:   minmay_temple_curvy_branch

Notes
Turn   | Place    | Note
-------+----------+-------------------------------------------
     0 | D:1      | infcreate the Gargoyle Fighter began the quest for the Orb.
     0 | D:1      | Reached XP level 1. HP: 14/14 MP: 1/1
   156 | D:1      | Reached XP level 2. HP: 19/19 MP: 2/2
   671 | D:1      | Reached XP level 3. HP: 23/23 MP: 3/3
  1324 | D:2      | Reached XP level 4. HP: 25/29 MP: 4/4
  1650 | D:3      | Found a sacrificial altar of Ru.
  1819 | D:3      | Reached skill level 4 in Armour
  1929 | D:3      | Found a shimmering altar of Xom.
  1929 | D:3      | Found a shimmering altar of Xom.
  1930 | D:3      | Found a shimmering altar of Xom.
  1979 | D:3      | Reached skill level 4 in Fighting
  1979 | D:3      | Reached skill level 4 in Shields
  2094 | D:3      | Found a basalt altar of Yredelemnul.
  2506 | D:3      | Found a faded altar of an unknown god.
  2646 | D:4      | Reached skill level 3 in Maces & Flails
  2646 | D:4      | Reached XP level 5. HP: 25/33 MP: 5/5
  2651 | D:4      | Noticed a sky beast
  2810 | D:4      | Killed a sky beast
  2811 | D:4      | Reached XP level 6. HP: 27/39 MP: 6/6
  3189 | D:4      | Found a staircase to the Ecumenical Temple.
  3219 | Temple   | Entered the Ecumenical Temple
  3489 | Temple   | Became a worshipper of Warmaster Okawaru
  3904 | D:5      | Entered Level 5 of the Dungeon
  3979 | D:5      | Noticed a phantom
  4089 | D:5      | Killed a phantom
  4090 | D:5      | Reached skill level 5 in Fighting
  4090 | D:5      | Reached skill level 4 in Maces & Flails
  4090 | D:5      | Reached skill level 5 in Armour
  4090 | D:5      | Reached skill level 5 in Shields
  4090 | D:5      | Reached XP level 7. HP: 44/44 MP: 7/7
  4180 | D:5      | Reached * piety under Okawaru
  4337 | D:5      | Identified the +9 chain mail of Mumblety Peg {rC++}
  4341 | D:5      | HP: 4/44 [orc priest/divine providence (10)]
  4689 | D:5      | Reached skill level 1 in Invocations
  4972 | D:5      | Reached XP level 8. HP: 49/51 MP: 7/9
  5213 | D:6      | Reached skill level 2 in Invocations
  5322 | D:6      | Reached skill level 6 in Fighting
  5322 | D:6      | Reached skill level 6 in Armour
  5322 | D:6      | Reached skill level 6 in Shields
  5345 | D:6      | Reached skill level 5 in Maces & Flails
  5386 | D:6      | Reached ** piety under Okawaru
  5563 | D:6      | Reached skill level 3 in Invocations
  5877 | D:6      | Reached XP level 9. HP: 56/56 MP: 11/11
  6095 | D:7      | Noticed Pikel
  6155 | D:7      | Reached skill level 4 in Invocations
  6200 | D:7      | Reached *** piety under Okawaru
  6201 | D:7      | Reached skill level 7 in Armour
  6201 | D:7      | Reached skill level 7 in Shields
  6204 | D:7      | Reached skill level 7 in Fighting
  6234 | D:7      | Found a radiant altar of Vehumet.
  6268 | D:7      | Reached skill level 6 in Maces & Flails
  6336 | D:7      | Noticed Harold
  6345 | D:7      | Noticed Menkaure
  6358 | D:7      | Killed Menkaure
  6584 | D:7      | Killed Pikel
  6585 | D:7      | Reached skill level 5 in Invocations
  6664 | D:7      | Found a stormy altar of Qazlal.
  6672 | D:7      | Noticed a hornet
  6694 | D:7      | Killed a hornet
  6882 | D:7      | Killed Harold
  6882 | D:7      | Reached **** piety under Okawaru
  6883 | D:7      | Reached skill level 8 in Fighting
  6883 | D:7      | Reached skill level 7 in Maces & Flails
  6883 | D:7      | Reached skill level 8 in Armour
  6883 | D:7      | Reached skill level 8 in Shields
  6883 | D:7      | Reached XP level 10. HP: 62/64 MP: 12/14
  7372 | D:8      | Noticed Maurice
  7394 | D:8      | HP: 1/64 [acid (14)]
  7818 | D:8      | Reached skill level 6 in Invocations
  7905 | D:8      | Found a blossoming altar of Fedhas.
  8026 | D:8      | Killed Maurice
  8619 | D:9      | Reached ***** piety under Okawaru
  8637 | D:9      | You fall into a shaft and drop 1 floor!
  8637 | D:10     | Entered Level 10 of the Dungeon
  8880 | D:9      | Found a hazy altar of Hepliaklqana.
  8882 | D:9      | Found a shadowy altar of Dithmenos.
  8924 | D:9      | Noticed a two-headed ogre
  8936 | D:9      | Killed a two-headed ogre
  8941 | D:9      | Reached skill level 9 in Armour
  8941 | D:9      | Reached skill level 9 in Shields
  8941 | D:9      | Reached XP level 11. HP: 69/69 MP: 8/16
  9215 | D:9      | Noticed a cyclops
  9225 | D:9      | Killed a cyclops
  9226 | D:9      | Reached skill level 9 in Fighting
  9226 | D:9      | Reached skill level 8 in Maces & Flails
  9226 | D:9      | Reached skill level 7 in Invocations
  9297 | D:9      | Noticed a fire crab
  9297 | D:9      | Noticed a flayed ghost
  9318 | D:9      | Killed a flayed ghost
  9327 | D:9      | HP: 3/71 [fire crab (8)]
  9327 | D:9      | Mangled by a fire crab

Vanquished Creatures
  Harold (D:7)
  A two-headed ogre (D:9)
  A flayed ghost (D:9)
  Pikel (D:7)
  A cyclops (D:9)
  Maurice (D:8)
  A hornet (D:7)
  A wyvern (D:9)
  Menkaure (D:7)
  2 water moccasins
  2 orc warriors
  An ice beast (D:5)
  2 sky beasts
  2 phantoms
  3 ogres
  A necrophage (D:5)
  A black bear (D:9)
  5 centaurs
  3 lemures (D:7)
  A big kobold (D:8)
  8 bullfrogs
  A gnoll sergeant (D:8)
  A wyvern zombie (D:9)
  A wyvern skeleton (D:6)
  A scorpion (D:4)
  13 wights
  A quasit (D:9)
  A bullfrog skeleton (D:5)
  A bullfrog zombie (D:5)
  4 orc priests
  8 orc wizards
  A centaur skeleton (D:7)
  6 hounds
  A jelly (D:6)
  7 worker ants
  3 iguanas
  6 gnolls
  A worker ant zombie (D:6)
  8 adders
  A shadow imp (D:7)
  2 ufetubi
  An adder skeleton (D:4)
  A worm (D:2)
  A dart slug (D:4)
  6 leopard geckos
  17 orcs
  11 bats
  4 giant cockroaches
  9 goblins
  9 hobgoblins
  5 jackals
  8 kobolds
  3 quokkas
  2 ball pythons
  4 frilled lizards
  2 leopard gecko skeletons
  A quokka skeleton (D:9)
  6 rats
198 creatures vanquished.

Table legend: (Time is in decaauts)
 A = Elapsed time spent in this place.
 B = Non-inter-level travel time spent in this place.
 C = Inter-level travel time spent in this place.
 D = Time resting spent in this place.
 E = Time spent auto-exploring this place.
 F = Levels seen in this place.
 G = Mean time per level.
                   A        B        C        D        E       F      G
               +--------+--------+--------+--------+--------+-----+--------+
         Total |   9489 |   9178 |    311 |    341 |   6664 |  11 |  862.6 |
       Dungeon |   9197 |   8930 |    267 |    341 |   6418 |  10 |  919.7 |
        Temple |    292 |    248 |     44 |      0 |    246 |   1 |  292.0 |
               +--------+--------+--------+--------+--------+-----+--------+

Top non-repeatable levels by time:
     D:7: 1498 daAuts
     D:5: 1319 daAuts
     D:3: 1114 daAuts
     D:4: 917 daAuts
     D:9: 869 daAuts
     D:8: 853 daAuts
     D:1: 851 daAuts
     D:2: 844 daAuts
     D:6: 803 daAuts
  Temple: 292 daAuts
    D:10: 124 daAuts

Table legend:
 A = Non-vault XP
 B = Vault XP
 C = Vault XP percentage of total XP
 D = Non-vault monster count
 E = Vault monster count
 F = Vault count percentage of total count
                 A         B        C        D         E       F
            +---------+---------+-------+---------+---------+-------
      Total |    7001 |    3987 |  36.3 |     182 |      13 |   6.7
            +---------+---------+-------+---------+---------+-------
        D:1 |      40 |       0 |   0.0 |      23 |       0 |   0.0
        D:2 |      50 |       0 |   0.0 |      15 |       0 |   0.0
        D:3 |      95 |       0 |   0.0 |      23 |       0 |   0.0
        D:4 |     257 |       0 |   0.0 |      11 |       0 |   0.0
        D:5 |     846 |       0 |   0.0 |      19 |       0 |   0.0
        D:6 |    1205 |     132 |   9.9 |      29 |       4 |  12.1
        D:7 |    1298 |    1866 |  59.0 |      19 |       3 |  13.6
        D:8 |     847 |     515 |  37.8 |      18 |       2 |  10.0
        D:9 |    2201 |    1474 |  40.1 |      22 |       4 |  15.4
       D:10 |     162 |       0 |   0.0 |       3 |       0 |   0.0
            +---------+---------+-------+---------+---------+-------
